 Dungeon Crawl Stone Soup version 0.31.0-12-g77e489cdc1 (webtiles) character file.

Game seed: 6834560732554448340

9186 sking99 the Zephyrmancer (level 11, 0/84 (86) HPs)
             Began as a Demonspawn Air Elementalist on Feb 29, 2024.
             Was the Champion of Ru.
             Slain by a basilisk (7 damage)
             ... while petrified by a basilisk
             ... on level 1 of the Lair of Beasts.
             The game lasted 00:33:41 (15642 turns).

sking99 the Zephyrmancer (DsAE)                    Turns: 15642, Time: 00:33:42

HP:   0/84 (86)     AC:  6    Str: 12    XL:     11   Next: 19%
MP:   17/31         EV:  2    Int: 16    God:    Ru [******]
Gold: 379           SH:  0    Dex: 20    Spells: 10/24 levels left

rFire   + . .        n - staff of fire
rCold   x . .        (no shield)
rNeg    + + +        a - +0 robe
rPois   ∞            y - +0 hat of Baldness {rPois MP+9}
rElec   .            h - +1 cloak
rCorr   .            q - +0 pair of gloves
SInv    .            B - +0 pair of boots
Will    .....        (no amulet)
Stlth   +++++        F - ring of protection from fire
HPRegen 0.34/turn    t - ring of wizardry
MPRegen 0.22/turn

%: wizardry (x1)
@: petrified, lightly drained
A: thin skeletal structure 3, ignite blood 1, inability to use devices,
inability to train armour, no hexes magic, no ice magic, no translocations
magic, temperature sensitive, weakness stinger 1
a: Renounce Religion, Draw Out Power, Power Leap, Apocalypse


You were on level 1 of the Lair of Beasts.
You worshipped Ru.
Ru was exalted by your worship.
You visited 2 branches of the dungeon, and saw 11 of its levels.

You collected 554 gold pieces.
You spent 175 gold pieces at shops.

Inventory:

Armour
 a - a +0 robe (worn)
 h - a +1 cloak (worn)
 q - a +0 pair of gloves (worn)
 y - the +0 hat of Baldness (worn) {rPois MP+9}
   (You bought it in a shop on level 7 of the Dungeon)

   rPois:     It protects you from poison MP+9: It affects your magic capacity
   (+9).
 B - a +0 pair of boots (worn)
Magical Staves
 j - a staff of cold
 n - a staff of fire (weapon)
Jewellery
 m - a ring of willpower
 t - a ring of wizardry (right hand)
 u - a ring of willpower
 A - a ring of positive energy
 F - a ring of protection from fire (left hand)
Talismans
 G - a storm talisman
Wands
 s - a wand of roots (9)
 w - a wand of flame (16)
Scrolls
 c - 2 scrolls of noise
 e - a scroll of torment
 g - 6 scrolls of teleportation
 i - 6 scrolls of identify
 l - a scroll of poison
 o - 3 scrolls of enchant weapon
 r - 4 scrolls of immolation
 C - 2 scrolls of fog {unknown}
 D - a scroll of silence {unknown}
 E - a scroll of revelation {unknown}
Potions
 b - a potion of magic
 d - a potion of heal wounds {unknown}
 f - 8 potions of might
 k - a potion of degeneration
 p - 4 potions of curing
 v - 2 potions of brilliance {unknown}
 x - a potion of mutation {unknown}
 z - a potion of attraction {unknown}


   Skills:
 + Level 7.9 Fighting
 + Level 7.5 Dodging
 - Level 1.7 Stealth
 - Level 7.4 Spellcasting
 - Level 4.0 Conjurations
 - Level 5.0 Summonings
 - Level 8.7 Air Magic


You had 10 spell levels left.
You knew the following spells:

 Your Spells              Type           Power      Damage    Failure   Level
a - Shock                 Conj/Air       100%       1d9       1%          1
b - Static Discharge      Conj/Air       52%        3-6/arc   1%          2
c - Airstrike             Air            16%        2d(3-19)  1%          4
d - Summon Lightning Spi  Summ/Air       27%        N/A       2%          4
z - Swiftness             Air            33%        N/A       1%          3

Your spell library contained the following spells:

 Spells                   Type           Power      Damage    Failure   Level
 Mercury Vapours          Alch/Air       38%        N/A       1%          2
 Mephitic Cloud           Conj/Alch/Air  19%        N/A       2%          3
 Passwall                 Erth           5%         N/A       14%         3
 Vampiric Draining        Necr           5%         2d6       14%         3
 Irradiate                Conj/Alch      6%         3d13      47%         5
 Starburst                Conj/Fire      9%         6d5       95%         6
 Ignition                 Fire           4%         3d4       100%        8
 Maxwell's Capacitive Co  Air            16%        ∞         100%        8
 Slow                     Hex            Unusable   N/A       N/A         1
 Dazzling Flash           Conj/Hex       Unusable   N/A       N/A         3
 Ensorcelled Hibernation  Hex/Ice        Unusable   N/A       N/A         2
 Confusing Touch          Hex            Unusable   N/A       N/A         3
 Inner Flame              Hex/Fire       Unusable   N/A       N/A         3
 Sigil of Binding         Hex            Unusable   N/A       N/A         3
 Volatile Blastmotes      Fire/Tloc      Unusable   2d11      N/A         3
 Freezing Cloud           Conj/Ice/Air   Unusable   6-21      N/A         5

Dungeon Overview and Level Annotations

Branches:
Dungeon (10/15)            Temple (0/1) D:6            Lair (1/5) D:10
    Orc: D:9-12

Altars:
Cheibriados
Dithmenos
Fedhas
Kikubaaqudgha
Makhleb
Ru
Sif Muna
Trog
Uskayaw
Vehumet
Wu Jian
Xom
Yredelemnul

Shops:
D:2 ?   D:7 [   D:8 [(   D:9 =


Innate Abilities, Weirdness & Mutations

You have an unnaturally thin skeletal structure. (Dex +6, Stealth+++)
Your demonic aura sometimes causes spilled blood to erupt in flames.
You cannot study or use magical devices.
You cannot train Armour skill.
You cannot study or cast Hexes magic.
You cannot study or cast Ice magic.
You cannot study or cast Translocations magic.
You are sensitive to extremes of temperature. (rF-, rC-)
You have a small tail.


Message History

The air twists around and strikes the yak!
The yak is heavily wounded.
The cane toad stings you!!
You focus your inner power and illuminate the cane toad in retribution!
The yak is stunned by your conviction and fails to attack.
Casting: Airstrike (mildly dangerous; 1% risk of failure)
Confirm with . or Enter, or press ? or * to list all spells.
Aiming: Airstrike (mildly dangerous; 1% risk of failure)
Press: ? - help, Dir - move target, f/p - yak
Aim: a yak (heavily wounded, empty space bonus: 6/8)
The air twists around and strikes the yak!
The yak is almost dead.
The cane toad completely misses you. The basilisk gazes at you.
You are slowing down.
The yak barely misses you. The cane toad stings you.
Casting: Airstrike (mildly dangerous; 1% risk of failure)
Confirm with . or Enter, or press ? or * to list all spells.
Aiming: Airstrike (mildly dangerous; 1% risk of failure)
Press: ? - help, Dir - move target, f/p - yak
Aim: a yak (almost dead, empty space bonus: 6/8)
The air twists around and strikes the yak!!
You kill the yak!
The cane toad stings you!
Your limbs are stiffening.
The cane toad stings you but does no damage.
The basilisk gazes at you.
Your limbs have turned to stone.
The cane toad closely misses you.
You have turned to stone.
The cane toad stings you!!
The basilisk begins to attack, but is stunned by your conviction!
The cane toad stings you!
* * * LOW HITPOINT WARNING * * *
The basilisk bites you!
* * * LOW HITPOINT WARNING * * *
The cane toad stings you!!
* * * LOW HITPOINT WARNING * * *
The cane toad stings you.
* * * LOW HITPOINT WARNING * * *
The basilisk bites you!
You die...

#......#.
#........
.#......+ ..
.......#...
#†.....#...
#..........
#......#...
#<.........
#÷@F......#
#l.........
....†...$......
...............
................
###.............
...#.......###P
...#.......# ..
#.......#


You could see a cane toad (corona) and a basilisk.

Vanquished Creatures
  A two-headed ogre (D:9)
  A gargoyle (D:10)
  Maggie (D:8)
  A kobold demonologist (D:10)
  2 komodo dragons (Lair:1)
  A troll (D:10)
  3 wyverns (D:9)
  A wraith (D:10)
  19 yaks
  The ghost of flestrin the Trooper, an amateur OpFi (D:4)
  2 water moccasins
  3 ice beasts
  An orc warrior (D:6)
  A black bear (D:5)
  An ogre (D:6)
  2 centaurs
  A wolf (D:10)
  2 phantoms
  A kobold brigand (D:9)
  2 bullfrogs
  A gnoll sergeant (D:9)
  10 scorpions
  A wight (D:9)
  A bombardier beetle (D:5)
  An electric eel (D:10)
  A howler monkey (D:10)
  7 hounds
  2 gnoll boudas (D:8)
  4 jellies
  9 orc priests
  An iguana (D:5)
  3 sleepcaps
  8 orc wizards
  8 gnolls (D:8)
  9 adders
  2 ufetubi (D:5)
  4 dart slugs
  A ribbon worm (D:3)
  18 orcs
  5 endoplasms
  3 giant cockroaches
  9 goblins
  6 hobgoblins
  13 jackals
  3 quokkas
  10 ball pythons
  12 bats
  2 frilled lizards (D:1)
  10 kobolds
  6 rats
217 creatures vanquished.

Vanquished Creatures (collateral kills)
  2 yaks (D:8)
  An orc priest (D:9)
  An orc wizard (D:9)
  An orc (D:9)
5 creatures vanquished.

Vanquished Creatures (others)
  An adder (D:4)
1 creature vanquished.

Grand Total: 223 creatures vanquished

Notes
Turn   | Place    | Note
-------+----------+-------------------------------------------
     0 | D:1      | sking99 the Demonspawn Air Elementalist began the quest for
                  | the Orb.
     0 | D:1      | Reached XP level 1. HP: 13/13 MP: 3/3
   204 | D:1      | Reached skill level 3 in Air Magic
   251 | D:1      | Gained mutation: You have a somewhat thin skeletal
                  | structure. (Dex +2, Stealth+) [demonic ancestry]
   251 | D:1      | Reached XP level 2. HP: 19/19 MP: 3/5
   423 | D:1      | Found a faded altar of an unknown god.
   432 | D:1      | Prayed at the altar of an unknown god.
   432 | D:1      | Became a worshipper of Ru the Awakened
  1093 | D:1      | Gained mutation: You have a moderately thin skeletal
                  | structure. (Dex +4, Stealth++) [demonic ancestry]
  1093 | D:1      | Reached XP level 3. HP: 17/24 MP: 0/6
  1426 | D:1      | Learned a level 2 spell: Static Discharge
  1871 | D:2      | Gained mutation: You cannot train Armour skill. [Ru
                  | sacrifice]
  1871 | D:2      | Reached * piety under Ru
  2140 | D:2      | Reached XP level 4. HP: 30/30 MP: 4/7
  2301 | D:2      | Found an ornate altar of the Wu Jian Council.
  2379 | D:2      | Found Lyosuas's Magic Scroll Shoppe.
  2398 | D:2      | Bought a scroll of identify for 22 gold pieces
  3641 | D:3      | Reached skill level 4 in Air Magic
  3943 | D:4      | Noticed a phantom
  3967 | D:4      | Killed a phantom
  3968 | D:4      | Reached XP level 5. HP: 6/35 MP: 0/9
  4390 | D:4      | Gained mutation: You have a small tail. [demonic ancestry]
  4390 | D:4      | Reached XP level 6. HP: 26/41 MP: 4/10
  4785 | D:4      | Found a shimmering altar of Xom.
  4853 | D:4      | Reached skill level 5 in Air Magic
  4985 | D:4      | Found a runed translucent door.
  4985 | D:4      | Noticed flestrin's ghost (amateur OpFi)
  5027 | D:4      | Found a shadowy altar of Dithmenos.
  5339 | D:4      | Reached XP level 7. HP: 37/46 MP: 6/12
  5411 | D:4      | Learned a level 3 spell: Swiftness
  5416 | D:4      | Learned a level 4 spell: Airstrike
  5765 | D:4      | Gained mutation: You cannot study or cast Ice magic. [Ru
                  | sacrifice]
  5765 | D:4      | Gained mutation: You cannot study or cast Hexes magic. [Ru
                  | sacrifice]
  5765 | D:4      | Gained mutation: You cannot study or cast Translocations
                  | magic. [Ru sacrifice]
  5765 | D:4      | Reached ** piety under Ru
  6072 | D:4      | Killed flestrin's ghost
  6073 | D:4      | Reached skill level 6 in Air Magic
  6137 | D:5      | Entered Level 5 of the Dungeon
  6181 | D:5      | Learned a level 4 spell: Summon Lightning Spire
  6233 | D:5      | Reached skill level 1 in Summonings
  6556 | D:5      | Reached XP level 8. HP: 48/52 MP: 9/15
  6841 | D:5      | Reached skill level 5 in Spellcasting
  7148 | D:5      | Found a shimmering blue altar of Sif Muna.
  7168 | D:5      | Found an ancient bone altar of Kikubaaqudgha.
  7188 | D:5      | Found a radiant altar of Vehumet.
  7413 | D:5      | Reached skill level 7 in Air Magic
  7544 | D:5      | Found an ornate altar of the Wu Jian Council.
  8307 | D:6      | Found a staircase to the Ecumenical Temple.
  8450 | D:6      | Found a burning altar of Makhleb.
  9311 | D:6      | Found a bloodstained altar of Trog.
  9573 | D:6      | Gained mutation: You are sensitive to extremes of
                  | temperature. (rF-, rC-) [Ru sacrifice]
  9573 | D:6      | Reached *** piety under Ru
  9573 | D:6      | Reached **** piety under Ru
  9631 | D:6      | Found a hide-covered altar of Uskayaw.
  9850 | D:7      | Reached XP level 9. HP: 57/57 MP: 13/18
 10010 | D:7      | Found Kuof's Antique Armour Shoppe.
 10016 | D:7      | Bought a buzzing hat for 153 gold pieces
 10016 | D:7      | Identified the +0 hat of Baldness {rPois MP+9} (You bought
                  | it in a shop on level 7 of the Dungeon)
 10991 | D:8      | Found Vusod's Antique Armour Emporium.
 11214 | D:8      | Found Soadeps's Antique Weapon Emporium.
 11294 | D:8      | Reached skill level 5 in Summonings
 11438 | D:8      | Reached skill level 8 in Air Magic
 11662 | D:7      | HP: 2/57 [yak (11)]
 11997 | D:8      | Reached skill level 1 in Fighting
 12045 | D:8      | Noticed Maggie
 12053 | D:8      | Killed Maggie
 12343 | D:8      | Gained mutation: You have an unnaturally thin skeletal
                  | structure. (Dex +6, Stealth+++) [demonic ancestry]
 12343 | D:8      | Reached XP level 10. HP: 70/70 MP: 21/21
 12744 | D:9      | Found a snail-covered altar of Cheibriados.
 12908 | D:9      | Found a blossoming altar of Fedhas.
 13063 | D:9      | Noticed a two-headed ogre
 13069 | D:9      | Killed a two-headed ogre
 13070 | D:9      | Reached skill level 5 in Fighting
 13070 | D:9      | Reached skill level 5 in Dodging
 13204 | D:9      | Gained mutation: You cannot study or use magical devices.
                  | [Ru sacrifice]
 13204 | D:9      | Reached ***** piety under Ru
 13204 | D:9      | Reached ****** piety under Ru
 13548 | D:9      | Found a basalt altar of Yredelemnul.
 13837 | D:9      | Found Lagaheowk's Jewellery Boutique.
 13961 | D:10     | Entered Level 10 of the Dungeon
 14371 | D:10     | Found a staircase to the Lair.
 14650 | D:10     | Noticed a rust devil
 15209 | D:10     | Noticed a gargoyle
 15221 | D:10     | Killed a gargoyle
 15222 | D:10     | Gained mutation: Your demonic aura sometimes causes spilled
                  | blood to erupt in flames. [demonic ancestry]
 15222 | D:10     | Reached XP level 11. HP: 84/84 MP: 20/22
 15348 | Lair:1   | Entered Level 1 of the Lair of Beasts
 15642 | Lair:1   | Slain by a basilisk

Illustrated notes

Levels and vault maps discovered:
D:1:      dreamdust_arrival_beginning_and_end, layout_basic,
          nicolae_ecumenical_snake_handling
D:2:      layout_loops_ring, basic_altar, serial_shops, shop,
          grunt_decor_junction, nrook_loot_triangle
D:3:      layout_basic
D:4:      old_forge, layout_loops_corners, mainiacjoe_overflow_swirl,
          ebering_ghost_inner_flame
D:5:      layout_layer_cave, palyth_temple_overflow_mages,
          pdpol_wu_jian_five_deadly_venoms
D:6:      layout_loops_corners, nicolae_uskayaw_suspiria,
          mainiacjoe_overflow_small_starburst, trog_butcher_becter,
          minmay_temple_entry_arrows
D:7:      layout_cave_pods, serial_shops, kennysheep_little_box
D:8:      layout_basic, serial_shops, shop, shop, lightli_corner_chamber,
          uniq_maggie
D:9:      layout_rooms, jmf_multi_god_temple, mainiacjoe_overflow_alcove_1,
          serial_shops, nicolae_shop_tiny_waterfront
D:10:     layout_basic, erik_lair_island
Lair:1:   layout_regular_city, gammafunk_ghost_necromancy, serial_bayou_shore_b,
          uniq_amaemon

Skill      XL: |  1  2  3  4  5  6  7  8  9 10 |
---------------+-------------------------------+-----
Air Magic      | 3 4 5 6 7 8 |  8.7
Conjurations   | 2 3 4 |  4.0
Spellcasting   | 3 4 6 7 |  7.4
Summonings     | 1 4 5 |  5.0
Fighting       | 3 7 |  7.9
Dodging        | 3 7 |  7.5
Stealth        | |  1.7

Action                     |  1- 3 |  4- 6 |  7- 9 | 10-12 || total
---------------------------+-------+-------+-------+-------++-------
  Melee: Unarmed           |    25 |       |       |       ||    25
         Staff             |       |    14 |     1 |     6 ||    21
   Cast: Shock             |    87 |   102 |    79 |    28 ||   296
         Static Discharge  |     3 |    16 |    30 |    20 ||    69
         Airstrike         |       |       |    84 |    70 ||   154
         Summon Lightning  |       |       |     3 |     7 ||    10
 Invoke: Sacrifice Durabil |     1 |       |       |       ||     1
         Sacrifice Arcana  |       |       |     1 |       ||     1
         Sacrifice Resista |       |       |     1 |       ||     1
         Draw Out Power    |       |       |     1 |       ||     1
         Power Leap        |       |       |       |     1 ||     1
         Sacrifice Artific |       |       |       |     1 ||     1
         Apocalypse        |       |       |       |     1 ||     1
    Use: Scroll            |       |       |    10 |     1 ||    11
 Armour: Robe              |    44 |    54 |    75 |    77 ||   250
  Dodge: Dodged            |    42 |    26 |    32 |    31 ||   131
